SAA
PROVIDENCE PILGRIMS @ TACOMA FUR TRADERS
08/29/2042
 
TOP OF THE 1ST
Providence Pilgrims batting - Pitching for Tacoma Fur Traders : RHP José Espinosa
Pitching: RHP José Espinosa
Batting: LHB David Davis 0-0: Ball
1-0: Fly out, F8 (Flyball, 89D, EV 92.5 MPH)
Batting: RHB Keith Lynn 0-0: Ball
1-0: Called Strike
1-1: Foul Ball, location: 2F
1-2: Ball
2-2: Ball
3-2: Base on Balls
Batting: LHB César Valtez 0-0: Ball
1-0: Foul Ball, location: 2F
1-1: Ball
2-1: Foul Ball, location: 2F
2-2: Foul Ball, location: 2F
2-2: Fly out, F8 (Flyball, 78D, EV 75.0 MPH)
Batting: RHB Gabriel Méndez 0-0: Ball
1-0: Foul Ball, location: 2F
1-1: Ball
Wild Pitch!
Keith Lynn to second
2-1: Fly out, F8 (Flyball, 8RS, EV 87.5 MPH)
Top of the 1st over - 0 runs, 0 hits, 0 errors, 1 left on base; Providence 0 - Tacoma 0
BOTTOM OF THE 1ST
Tacoma Fur Traders batting - Pitching for Providence Pilgrims : RHP Ernesto García
Pitching: RHP Ernesto García
Batting: RHB Axel Chicote 0-0: Ball
1-0: Swinging Strike
1-1: Foul Ball, location: 2F
1-2: Foul Ball, location: 2F
1-2: Strikes out swinging
Batting: RHB Félix Olvera 0-0: Foul Ball, location: 2F
0-1: Ball
1-1: Ball
2-1: Ground out 5-3 (Groundball, 56, EV 98.8 MPH)
Batting: LHB Sam Bickerton 0-0: Ball
1-0: Ball
2-0: Ground out U3 (Groundball, 34, EV 83.1 MPH)
Bottom of the 1st over - 0 runs, 0 hits, 0 errors, 0 left on base; Providence 0 - Tacoma 0
TOP OF THE 2ND
Providence Pilgrims batting - Pitching for Tacoma Fur Traders : RHP José Espinosa
Batting: RHB Chris Hall 0-0: Ball
1-0: Fly out, F6 (Popup, P, EV 80.6 MPH)
Batting: RHB Carlos González 0-0: Ball
1-0: Fly out, F8 (Flyball, 8RM, EV 84.4 MPH)
Batting: RHB Julián Vélez 0-0: Fly out, F7 (Line Drive, 7, EV 102.5 MPH)
Top of the 2nd over - 0 runs, 0 hits, 0 errors, 0 left on base; Providence 0 - Tacoma 0
BOTTOM OF THE 2ND
Tacoma Fur Traders batting - Pitching for Providence Pilgrims : RHP Ernesto García
Batting: LHB Hori Ikenaki 0-0: Swinging Strike
0-1: Foul Ball, location: 2F
0-2: Ball
1-2: SINGLE (Line Drive, 6MD, EV 105.0 MPH)
Batting: RHB Terry Boyle Pickoff Throw to First - Out! 1-3
0-0: Called Strike
0-1: Ball
1-1: Called Strike
1-2: Ball
2-2: Ball
3-2: SINGLE (Flyball, 78M, EV 85.6 MPH)
Batting: LHB Ezequiel Viana 0-0: Ground out 3-1 (Groundball, 3, EV 87.5 MPH)
Terry Boyle to second
Batting: RHB Eduardo Sainz 0-0: Ball
1-0: Called Strike
1-1: Fly out, F8 (Line Drive, 8LD, EV 97.5 MPH)
Bottom of the 2nd over - 0 runs, 2 hits, 0 errors, 1 left on base; Providence 0 - Tacoma 0
TOP OF THE 3RD
Providence Pilgrims batting - Pitching for Tacoma Fur Traders : RHP José Espinosa
Batting: RHB Gilberto Ortíz 0-0: SINGLE (Line Drive, 9S, EV 97.5 MPH)
Batting: RHB Jesse McCoy 0-0: Called Strike
0-1: Foul Ball, location: 2F
0-2: Ball
1-2: Foul Ball, location: 2F
1-2: Ball
2-2: Strikes out swinging
Batting: LHB David Davis 0-0: Ball
1-0: Ball
2-0: Foul Ball, location: 2F
2-1: Ball
3-1: Called Strike
3-2: Foul Ball, location: 2F
3-2: SINGLE (Line Drive, 89S, EV 89.4 MPH)
Gilberto Ortíz to second
Runner from 2nd tries for 3rd, SAFE, no throw by CF
Batting: RHB Keith Lynn 0-0: Ball
1-0: Called Strike
David Davis steals 2nd base
1-1: Ball
2-1: Foul Ball, location: 2F
2-2: Strikes out swinging
Batting: LHB César Valtez 0-0: Ball
1-0: Called Strike
1-1: Called Strike
1-2: Ground out 4-3 (Groundball, 4, EV 91.2 MPH)
Top of the 3rd over - 0 runs, 2 hits, 0 errors, 2 left on base; Providence 0 - Tacoma 0
BOTTOM OF THE 3RD
Tacoma Fur Traders batting - Pitching for Providence Pilgrims : RHP Ernesto García
Batting: RHB Mo Westoby 0-0: Called Strike
0-1: Swinging Strike
0-2: Strikes out swinging
Batting: RHB Ramón García 0-0: Ball
1-0: Swinging Strike
1-1: SINGLE (Flyball, 7LM, EV 102.5 MPH)
Batting: RHB Axel Chicote 0-0: Foul Ball, location: 2F
0-1: Ball
1-1: Ball
2-1: Ball
3-1: Base on Balls
Ramón García to second
Batting: RHB Félix Olvera 0-0: Grounds into double play, 5-4-3 (Groundball, 56, EV 81.2 MPH)
Bottom of the 3rd over - 0 runs, 1 hit, 0 errors, 1 left on base; Providence 0 - Tacoma 0
TOP OF THE 4TH
Providence Pilgrims batting - Pitching for Tacoma Fur Traders : RHP José Espinosa
Batting: RHB Gabriel Méndez 0-0: Ball
1-0: Called Strike
1-1: Ball
2-1: Swinging Strike
2-2: Fly out, F7 (Flyball, 7S, EV 76.9 MPH)
Batting: RHB Chris Hall 0-0: Ball
1-0: Ground out 3-1 (Groundball, 34, EV 94.4 MPH)
Batting: RHB Carlos González 0-0: Swinging Strike
0-1: Ball
1-1: Ball
2-1: Foul Ball, location: 2F
2-2: Ball
3-2: SINGLE (Line Drive, 7S, EV 109.4 MPH)
Batting: RHB Julián Vélez 0-0: Called Strike
Carlos González steals 2nd base
0-1: Foul Ball, location: 2F
0-2: Ball
1-2: Reached via error on a dropped throw from 2B, E3 (Groundball, 4, EV 85.0 MPH)
Carlos González to third
Batting: RHB Gilberto Ortíz 0-0: Fly out, F6 (Popup, 6M, EV 51.9 MPH)
Top of the 4th over - 0 runs, 1 hit, 1 error, 2 left on base; Providence 0 - Tacoma 0
BOTTOM OF THE 4TH
Tacoma Fur Traders batting - Pitching for Providence Pilgrims : RHP Ernesto García
Pitching: LHP Teika Suto
Batting: LHB Sam Bickerton 0-0: Ball
1-0: Ball
2-0: SINGLE (Line Drive, 34D, EV 99.4 MPH)
Batting: LHB Hori Ikenaki 0-0: Ball
1-0: SINGLE (Groundball, 56, EV 100.6 MPH) (infield hit)
Sam Bickerton to second
Batting: RHB Terry Boyle 0-0: Ball
1-0: Foul Ball, location: 2F
1-1: Ball
2-1: Ball
3-1: Base on Balls
Sam Bickerton to third
Hori Ikenaki to second
Batting: LHB Ezequiel Viana 0-0: Called Strike
0-1: DOUBLE (Flyball, 9LD, EV 115.0 MPH)
Sam Bickerton scores
Hori Ikenaki scores
Terry Boyle to third
Batting: RHB Eduardo Sainz 0-0: Ball
1-0: Ball
2-0: Ball
3-0: Called Strike
3-1: Called Strike
3-2: Base on Balls
Batting: RHB Mo Westoby 0-0: Called Strike
0-1: Called Strike
0-2: Strikes out looking
Batting: RHB Ramón García 0-0: Ball
1-0: Called Strike
1-1: Swinging Strike
1-2: Foul Ball, location: 2F
1-2: Fielders Choice at 2nd, 6-4 (Groundball, 56, EV 84.4 MPH)
Terry Boyle scores
Ezequiel Viana to third
Batting: RHB Axel Chicote 0-0: Fly out, F8 (Flyball, 78S, EV 73.8 MPH)
Bottom of the 4th over - 3 runs, 3 hits, 0 errors, 2 left on base; Providence 0 - Tacoma 3
TOP OF THE 5TH
Providence Pilgrims batting - Pitching for Tacoma Fur Traders : RHP José Espinosa
Batting: RHB Jesse McCoy 0-0: Called Strike
0-1: Called Strike
0-2: Strikes out looking
Batting: LHB David Davis 0-0: Ball
1-0: Called Strike
1-1: SOLO HOME RUN (Flyball, 9D, EV 104.4 MPH), Distance : 369 ft
Batting: RHB Keith Lynn 0-0: Called Strike
0-1: Ball
1-1: Called Strike
1-2: Ball
2-2: SINGLE (Line Drive, 6M, EV 100.6 MPH)
Batting: LHB César Valtez 0-0: Fly out, F8 (Flyball, 8LM, EV 96.2 MPH)
Batting: RHB Gabriel Méndez 0-0: Ball
1-0: Ball
2-0: Swinging Strike
2-1: Foul Ball, location: 2F
2-2: Ball
Keith Lynn is caught stealing 2nd base 2-4
Top of the 5th over - 1 run, 2 hits, 0 errors, 0 left on base; Providence 1 - Tacoma 3
BOTTOM OF THE 5TH
Tacoma Fur Traders batting - Pitching for Providence Pilgrims : LHP Teika Suto
Batting: RHB Félix Olvera 0-0: Ball
1-0: Called Strike
1-1: Ball
2-1: Ball
3-1: Base on Balls
Batting: LHB Sam Bickerton 0-0: Ball
1-0: Foul Ball, location: 2F
1-1: Ball
2-1: Called Strike
2-2: Foul Ball, location: 2F
2-2: Ball
3-2: Fly out, F7 (Flyball, 7LD, EV 104.4 MPH)
Batting: LHB Hori Ikenaki 0-0: Called Strike
0-1: Ball
1-1: Ball
2-1: Swinging Strike
2-2: Grounds into double play, 5-4-3 (Groundball, 5, EV 85.0 MPH)
Bottom of the 5th over - 0 runs, 0 hits, 0 errors, 0 left on base; Providence 1 - Tacoma 3
TOP OF THE 6TH
Providence Pilgrims batting - Pitching for Tacoma Fur Traders : RHP José Espinosa
Batting: RHB Gabriel Méndez 0-0: Ball
1-0: Ground out 5-3 (Groundball, 56S, EV 91.9 MPH)
Batting: RHB Chris Hall 0-0: Called Strike
0-1: Foul Ball, location: 2F
0-2: Ball
1-2: Foul Ball, location: 2F
1-2: SOLO HOME RUN (Flyball, 7LD, EV 108.8 MPH), Distance : 369 ft
Batting: RHB Carlos González 0-0: Ball
1-0: Called Strike
1-1: Fly out, F8 (Flyball, 8RD, EV 106.9 MPH)
Batting: RHB Julián Vélez 0-0: Ball
1-0: Ball
2-0: Ball
3-0: Base on Balls
Batting: RHB Gilberto Ortíz 0-0: Called Strike
0-1: SINGLE (Groundball, 56D, EV 96.2 MPH)
Julián Vélez to second
Pitching: RHP Kenny Caird
Batting: RHB Jesse McCoy 0-0: Ball
1-0: Swinging Strike
1-1: Foul Ball, location: 2F
1-2: Ball
2-2: Ball
3-2: Base on Balls
Julián Vélez to third
Gilberto Ortíz to second
Batting: LHB David Davis 0-0: Swinging Strike
0-1: Swinging Strike
0-2: Foul Ball, location: 2F
0-2: Fly out, F9 (Flyball, 9S, EV 88.8 MPH)
Top of the 6th over - 1 run, 2 hits, 0 errors, 3 left on base; Providence 2 - Tacoma 3
BOTTOM OF THE 6TH
Tacoma Fur Traders batting - Pitching for Providence Pilgrims : LHP Teika Suto
Pitching: RHP Javier Fierro
Batting: RHB Terry Boyle 0-0: Called Strike
0-1: Called Strike
0-2: Ball
1-2: Ball
2-2: Fly out, F5 (Popup, 5, EV 62.5 MPH)
Batting: LHB Ezequiel Viana 0-0: Fly out, F8 (Flyball, 78S, EV 70.6 MPH)
Batting: RHB Eduardo Sainz 0-0: Foul Ball, location: 2F
0-1: Foul Ball, location: 2F
0-2: Fly out, F8 (Flyball, 78D, EV 98.1 MPH)
Bottom of the 6th over - 0 runs, 0 hits, 0 errors, 0 left on base; Providence 2 - Tacoma 3
TOP OF THE 7TH
Providence Pilgrims batting - Pitching for Tacoma Fur Traders : RHP Kenny Caird
Batting: RHB Keith Lynn 0-0: Foul Ball, location: 2F
0-1: Called Strike
0-2: Ball
1-2: Ball
2-2: Foul Ball, location: 2F
2-2: Fly out, F7 (Flyball, 7LMF, EV 90.6 MPH)
Batting: LHB César Valtez 0-0: Ball
1-0: Swinging Strike
1-1: Swinging Strike
1-2: Strikes out swinging
Batting: RHB Gabriel Méndez 0-0: Ball
1-0: Called Strike
1-1: Ball
2-1: Called Strike
2-2: Strikes out swinging
Top of the 7th over - 0 runs, 0 hits, 0 errors, 0 left on base; Providence 2 - Tacoma 3
BOTTOM OF THE 7TH
Tacoma Fur Traders batting - Pitching for Providence Pilgrims : RHP Javier Fierro
Batting: RHB Mo Westoby 0-0: Ball
1-0: Called Strike
1-1: Swinging Strike
1-2: Strikes out swinging
Batting: RHB Ramón García 0-0: Ball
1-0: Ball
2-0: Foul Ball, location: 2F
2-1: Foul Ball, location: 2F
2-2: SINGLE (Flyball, 9S, EV 82.5 MPH)
Batting: RHB Axel Chicote 0-0: Called Strike
0-1: Called Strike
0-2: Strikes out swinging
Batting: RHB Félix Olvera 0-0: Called Strike
0-1: 2-RUN HOME RUN (Flyball, 7D, EV 97.5 MPH), Distance : 396 ft
Batting: LHB Sam Bickerton 0-0: Ball
1-0: Swinging Strike
1-1: Swinging Strike
1-2: Fly out, F8 (Line Drive, 8RM, EV 86.9 MPH)
Bottom of the 7th over - 2 runs, 2 hits, 0 errors, 0 left on base; Providence 2 - Tacoma 5
TOP OF THE 8TH
Providence Pilgrims batting - Pitching for Tacoma Fur Traders : RHP Kenny Caird
Batting: RHB Chris Hall 0-0: Called Strike
0-1: SINGLE (Groundball, 56D, EV 95.6 MPH)
Batting: RHB Carlos González 0-0: Called Strike
0-1: Ball
1-1: Ball
2-1: Ball
3-1: Base on Balls
Chris Hall to second
Pitching: RHP Randy Keith
Batting: RHB Julián Vélez 0-0: Ball
1-0: Swinging Strike
1-1: SINGLE (Groundball, 5S, EV 65.6 MPH) (infield hit)
Chris Hall to third
Carlos González to second
Batting: RHB Gilberto Ortíz 0-0: SINGLE (Flyball, 78M, EV 94.4 MPH)
Chris Hall scores
Carlos González to third
Julián Vélez to second
Pinch Hitting: RHB Frank Ray 0-0: Ball
1-0: Ball
2-0: Ball
3-0: Base on Balls
Carlos González scores
Julián Vélez to third
Gilberto Ortíz to second
Batting: LHB David Davis 0-0: Fly out, F8 (Flyball, 8RS, EV 90.0 MPH)
Batting: RHB Keith Lynn 0-0: Ball
1-0: Called Strike
1-1: Ball
2-1: Swinging Strike
2-2: Foul Ball, location: 2F
2-2: Strikes out swinging
Batting: LHB César Valtez 0-0: Called Strike
0-1: Ball
1-1: Swinging Strike
1-2: Ground out 4-3 (Groundball, 4, EV 76.2 MPH)
Top of the 8th over - 2 runs, 3 hits, 0 errors, 3 left on base; Providence 4 - Tacoma 5
BOTTOM OF THE 8TH
Tacoma Fur Traders batting - Pitching for Providence Pilgrims : RHP Javier Fierro
Now at SS: Mario Ramírez
Batting: LHB Hori Ikenaki 0-0: Called Strike
0-1: Ball
1-1: Ball
2-1: Fly out, F8 (Line Drive, 8RM, EV 91.9 MPH)
Batting: RHB Terry Boyle 0-0: Called Strike
0-1: Ball
1-1: Ball
2-1: Called Strike
2-2: Foul Ball, location: 2F
2-2: Foul Ball, location: 2F
2-2: Foul Ball, location: 2F
2-2: SINGLE (Line Drive, 8RS, EV 94.4 MPH)
Pitching: RHP Bernard Hewer
Batting: LHB Ezequiel Viana 0-0: Ball
1-0: SINGLE (Groundball, 4MD, EV 103.1 MPH)
Terry Boyle to second
Batting: RHB Eduardo Sainz 0-0: Called Strike
0-1: Hit by Pitch
Terry Boyle to third
Ezequiel Viana to second
Batting: RHB Mo Westoby 0-0: Foul Ball, location: 2F
0-1: Called Strike
0-2: Ball
1-2: Ball
2-2: Foul Ball, location: 2F
2-2: Grounds into fielders choice 5-2 (Groundball, 5S, EV 79.4 MPH)
Ezequiel Viana to third
Eduardo Sainz to second
Batting: RHB Ramón García 0-0: Called Strike
0-1: Called Strike
0-2: Ball
1-2: Foul Ball, location: 2F
1-2: Strikes out swinging
Bottom of the 8th over - 0 runs, 2 hits, 0 errors, 3 left on base; Providence 4 - Tacoma 5
TOP OF THE 9TH
Providence Pilgrims batting - Pitching for Tacoma Fur Traders : RHP Randy Keith
Pitching: RHP Ricky Mina
Batting: RHB Gabriel Méndez 0-0: Ball
1-0: Called Strike
1-1: Ball
2-1: Foul Ball, location: 2F
2-2: Ball
3-2: Strikes out looking
Batting: RHB Chris Hall 0-0: Ball
1-0: Foul Ball, location: 2F
1-1: Ball
2-1: Ball
3-1: Base on Balls
Batting: RHB Carlos González 0-0: Called Strike
0-1: Ball
1-1: Swinging Strike
1-2: Strikes out looking
Batting: RHB Julián Vélez 0-0: SINGLE (Line Drive, 78D, EV 103.1 MPH)
Chris Hall to second
Batting: RHB Gilberto Ortíz 0-0: Swinging Strike
0-1: Foul Ball, location: 2F
0-2: Fly out, F7 (Flyball, 7LM, EV 79.4 MPH)
Top of the 9th over - 0 runs, 1 hit, 0 errors, 2 left on base; Providence 4 - Tacoma 5
Friday, March 26th, 2021 - OOTP Baseball 20.8 Build 74